 Dungeon Crawl Stone Soup version 0.31-a0-145-g046c7d2549 (webtiles) character file.

Game seed: 1589155448450472962

14163 DApurpleWHUMPUS the Fighter (level 11, 0/110 HPs)
             Began as a Minotaur Fighter on Jan 15, 2023.
             Was a High Priest of Fedhas.
             Slain by a two-headed ogre
             ... wielding a +0 giant spiked club
              (5 damage)
             ... on level 10 of the Dungeon on June 6, 2023.
             The game lasted 00:19:51 (14265 turns).

DApurpleWHUMPUS the Fighter (Minotaur Fighter)     Turns: 14265, Time: 00:19:52

Health: 0/110      AC: 20    Str: 22    XL:     11   Next: 85%
Magic:  0/10       EV: 10    Int:  5    God:    Fedhas [*****.]
Gold:   766        SH:  7    Dex: 19    Spells: 10/10 levels left

rFire   + . .        a - +0 war axe
rCold   . . .        c - +0 buckler
rNeg    . . .        A - +0 plate armour
rPois   .            (helmet restricted)
rElec   .            S - +2 cloak {rCorr}
rCorr   +            K - +0 pair of gloves
SInv    .            O - +0 pair of boots
Will    .....        l - amulet of guardian spirit Stlth
                     C - ring of protection from fire
HPRegen 0.38/turn    J - +6 ring of dexterity
MPRegen 0.12/turn

%: guardian spirit
@: weak-willed
A: horns 2, retaliatory headbutt
a: Renounce Religion, Wall of Briars, Grow Ballistomycete, Overgrow, Grow Oklob


You were on level 10 of the Dungeon.
You worshipped Fedhas.
Fedhas was extremely pleased with you.
You visited 2 branches of the dungeon, and saw 12 of its levels.

You collected 766 gold pieces.

Inventory:

Hand Weapons
 a - a +0 war axe (weapon)
 u - a +0 morningstar
 F - a +6 falchion
 T - a +2 scimitar of flaming
Missiles
 M - a throwing net (quivered)
Armour
 b - a +0 scale mail
 c - a +0 buckler (worn)
 z - a +0 cloak
 A - a +0 plate armour (worn)
 K - a +0 pair of gloves (worn)
 O - a +0 pair of boots (worn)
 S - a +2 cloak of preservation (worn)
Jewellery
 l - an amulet of guardian spirit (around neck)
 C - a ring of protection from fire (left hand)
 J - a +6 ring of dexterity (right hand)
 P - an amulet of faith
Wands
 m - a wand of iceblast (25)
 t - a wand of light (11)
 H - a wand of flame (18)
 N - a wand of charming (7)
Scrolls
 g - 3 scrolls of poison
 j - 4 scrolls of teleportation {unknown}
 k - 4 scrolls of torment
 r - 5 scrolls of identify
 s - 3 scrolls of enchant weapon {unknown}
 v - 2 scrolls of summoning {unknown}
 y - 2 scrolls of amnesia {unknown}
 B - a scroll of vulnerability
 G - a scroll of magic mapping {unknown}
 L - 2 scrolls of fog {unknown}
 Q - a scroll of brand weapon {unknown}
Potions
 d - 6 potions of might
 e - 4 potions of attraction
 f - 3 potions of lignification
 h - a potion of haste {unknown}
 i - 7 potions of heal wounds {unknown}
 n - a potion of invisibility {unknown}
 o - 2 potions of magic {unknown}
 p - 2 potions of degeneration {unknown}
 q - 5 potions of ambrosia {unknown}
 x - 3 potions of brilliance
 D - 2 potions of enlightenment {unknown}
 E - a potion of mutation {unknown}
 I - 3 potions of curing {unknown}


   Skills:
 + Level 14.2 Fighting
 * Level 12.1 Axes
 + Level 9.0 Armour
 + Level 7.4 Dodging
 + Level 9.1 Shields


You had 10 spell levels left.
You didn't know any spells.
Your spell library contained the following spells:

 Spells                   Type           Power      Damage    Failure   Level
 Leda's Liquefaction      Hex/Erth       0%         N/A       100%        4
 Lee's Rapid Deconstruct  Erth           0%         3d4*      100%        5
 Statue Form              Tmut/Erth      0%         N/A       100%        6


Dungeon Overview and Level Annotations

Branches:
Dungeon (11/15)            Temple (1/1) D:5            Lair (0/5) D:8
    Orc (0/2) D:10

Altars:
Ashenzari
Cheibriados
Dithmenos
Elyvilon
Fedhas
Gozag
Hepliaklqana
Kikubaaqudgha
Makhleb
Nemelex Xobeh
Okawaru
Qazlal
Ru
Sif Muna
Trog
Uskayaw
Vehumet
Wu Jian
Xom
Yredelemnul
Zin
The Shining One

Shops:
D:6 *   D:10 (=

Annotations:
D:11 1 runed translucent door


Innate Abilities, Weirdness & Mutations

You have a pair of horns on your head.
You reflexively headbutt those who attack you in melee.


Message History

You climb upwards.
There is a stone staircase leading down, spattered with blood here.
As you read the scroll labelled HULUTI TYDD, it crumbles to dust.
You assume a fearsome visage.
The skeletal warrior is unaffected.
The two-headed ogre resists with some effort.
It was a scroll of fear.
The skeletal warrior hits you with a +0 mace.
* * * LOW HITPOINT WARNING * * *
The skeletal warrior attacks as you move away!
The skeletal warrior barely misses you.
As you read the scroll labelled ANEOCW PIJUAH, it crumbles to dust.
Magic quickly surges around you.
It was a scroll of vulnerability.
You block the two-headed ogre's attack.
The two-headed ogre completely misses you.
The skeletal warrior hits you but does no damage.
The two-headed ogre attacks as you move away!
The two-headed ogre hits you with a +0 giant spiked club!!
* * * LOW HITPOINT WARNING * * *
You block the two-headed ogre's attack.
As you read the scroll labelled KATAUKHL BAYRPH, it crumbles to dust.
It is a scroll of identify.
k - 4 scrolls of torment The skeletal warrior hits you with a +0 mace.
* * * LOW HITPOINT WARNING * * *
The two-headed ogre attacks as you move away!
The two-headed ogre hits you but does no damage.
The two-headed ogre barely misses you.
The skeletal warrior attacks as you move away!
The skeletal warrior hits you with a +0 mace.
* * * LOW HITPOINT WARNING * * *
As you read the scroll labelled DIOGUO KESYN, it crumbles to dust.
It is a scroll of enchant armour.
Really abort (and waste the scroll)?
Okay, then.
The skeletal warrior hits you but does no damage.
The two-headed ogre closely misses you. You furiously retaliate!
You headbutt the two-headed ogre!
The two-headed ogre hits you with a +0 giant club.
You die...
Fedhas appreciates your contribution to the ecosystem.

..#..'.....#...# #....###.
###..#.....#...# #...†#...
.....####>##...# #...÷'...
...............# #...÷#...
...............# #....#...
...............# #....####
...............# ###........
...............########..........
..###########...@z...............
..#.........#....O..>............
..#.........#...[.....###+##+####
..#.........'.........#..........
..#.........#..^......##.........
..#.........+..........#.........
..#.........#..........#.........
..#########'#..........#.........
.......................'.###'####


You could see a skeletal warrior (weak-willed) and a two-headed ogre
(weak-willed).

Vanquished Creatures
  Josephine (D:11)
  3 two-headed ogres
  Erica (D:11)
  A phantasmal warrior (D:10)
  A cyclops (D:11)
  An ugly thing (D:11)
  An elephant (D:8)
  Maurice (D:11)
  Maggie (D:7)
  A kobold demonologist (D:10)
  2 dream sheep (D:8)
  24 yaks
  A basilisk (D:8)
  4 wraiths (D:11)
  A wyvern (D:8)
  Menkaure (D:6)
  A water moccasin (D:8)
  An orc warrior (D:10)
  3 sky beasts
  A black bear (D:8)
  2 ogres
  4 centaurs
  A phantom (D:5)
  A kobold brigand (D:8)
  7 bullfrogs
  3 gnoll sergeants
  A necrophage (D:7)
  3 scorpions (D:6)
  8 wights
  3 killer bees (D:11)
  4 howler monkeys
  2 electric eels (D:7)
  4 hounds
  4 orc priests
  3 gnoll boudas
  4 jellies
  3 iguanas
  5 orc wizards
  11 adders
  23 gnolls
  A shadow imp (D:7)
  2 white imps
  2 worms
  3 dart slugs
  31 orcs
  3 bats
  7 endoplasms
  3 giant cockroaches
  10 goblins
  9 hobgoblins
  8 jackals
  16 kobolds
  A quokka (D:1)
  7 ball pythons
  3 frilled lizards
  5 rats
258 creatures vanquished.

Vanquished Creatures (collateral kills)
  A gnoll (D:7)
1 creature vanquished.

Grand Total: 259 creatures vanquished

Notes
Turn   | Place    | Note
-------+----------+-------------------------------------------
     0 | D:1      | DApurpleWHUMPUS the Minotaur Fighter began the quest for
                  | the Orb.
     0 | D:1      | Reached XP level 1. HP: 19/19 MP: 0/0
    50 | D:1      | Reached skill level 4 in Fighting
    56 | D:1      | Reached XP level 2. HP: 27/28 MP: 1/1
   367 | D:1      | Reached skill level 5 in Fighting
   579 | D:2      | Reached XP level 3. HP: 31/36 MP: 0/2
   684 | D:2      | Found a faded altar of an unknown god.
   695 | D:2      | Prayed at the altar of an unknown god.
   695 | D:2      | Became a worshipper of Fedhas Madash
   695 | D:2      | Reached * piety under Fedhas
   937 | D:2      | Identified the +10 whip of the Globe {drain, rN+}
  1146 | D:2      | Reached XP level 4. HP: 44/44 MP: 3/3
  1177 | D:2      | Reached skill level 6 in Fighting
  1512 | D:3      | Reached ** piety under Fedhas
  1844 | D:3      | Found a blossoming altar of Fedhas.
  2497 | D:4      | Reached XP level 5. HP: 45/51 MP: 2/4
  2520 | D:4      | Found a sacrificial altar of Ru.
  2530 | D:4      | Reached skill level 7 in Fighting
  3314 | D:4      | Reached skill level 8 in Fighting
  3436 | D:4      | Noticed an ogre
  3440 | D:4      | Killed an ogre
  3441 | D:4      | Reached XP level 6. HP: 23/62 MP: 1/5
  3606 | D:5      | Entered Level 5 of the Dungeon
  3607 | D:5      | Found the +0 pair of fencer's gloves {Riposte Dex+3}
  3950 | D:5      | Reached *** piety under Fedhas
  3951 | D:5      | Reached skill level 9 in Fighting
  4121 | D:5      | Found a hazy altar of Hepliaklqana.
  4257 | D:5      | Found a stormy altar of Qazlal.
  4269 | D:5      | Found a staircase to the Ecumenical Temple.
  4317 | D:5      | Reached XP level 7. HP: 44/71 MP: 3/6
  4323 | D:5      | Reached skill level 10 in Fighting
  4550 | Temple   | Entered the Ecumenical Temple
  5397 | D:6      | Reached skill level 11 in Fighting
  5418 | D:6      | HP: 2/70 [wight/+0 scimitar (3)]
  5823 | D:6      | Found Lotunoq's Assorted Antiques.
  5972 | D:6      | Reached XP level 8. HP: 78/83 MP: 7/7
  6228 | D:6      | Reached skill level 1 in Dodging
  6369 | D:6      | Noticed Menkaure
  6378 | D:6      | Killed Menkaure
  6379 | D:6      | Reached skill level 12 in Fighting
  7189 | D:7      | Found an ancient bone altar of Kikubaaqudgha.
  7801 | D:7      | Reached **** piety under Fedhas
  7801 | D:7      | Noticed Maggie
  7802 | D:7      | Reached skill level 5 in Axes
  7816 | D:7      | Killed Maggie
  7817 | D:7      | Reached skill level 5 in Armour
  7817 | D:7      | Reached skill level 5 in Shields
  7817 | D:7      | Reached XP level 9. HP: 56/90 MP: 5/8
  9280 | D:8      | Found a staircase to the Lair.
  9280 | D:8      | Noticed an elephant
  9326 | D:8      | Killed an elephant
  9632 | D:8      | Reached XP level 10. HP: 100/100 MP: 9/9
  9926 | D:8      | Reached skill level 13 in Fighting
  9929 | D:8      | Reached skill level 5 in Dodging
 10577 | D:9      | Noticed a two-headed ogre
 10584 | D:9      | Killed a two-headed ogre
 10898 | D:9      | Noticed a two-headed ogre
 10902 | D:9      | Reached ***** piety under Fedhas
 10917 | D:9      | Killed a two-headed ogre
 10918 | D:9      | Reached skill level 10 in Axes
 11605 | D:10     | Entered Level 10 of the Dungeon
 11614 | D:10     | Found a staircase to the Orcish Mines.
 11680 | D:10     | Found Hukas's Firing Range.
 12013 | D:10     | Reached XP level 11. HP: 66/103 MP: 5/10
 12156 | D:10     | Found Bausheum's Jewellery Shop.
 12900 | D:11     | Noticed a red ugly thing
 12900 | D:11     | Noticed Maurice
 12938 | D:11     | Killed Maurice
 12970 | D:11     | Killed a red ugly thing
 13153 | D:11     | Noticed Erica
 13171 | D:11     | Killed Erica
 13253 | D:11     | Found a runed translucent door.
 13254 | D:11     | Noticed a skeletal warrior
 13255 | D:11     | Noticed a tengu warrior
 13256 | D:11     | Noticed a skeletal warrior
 13261 | D:11     | Noticed a two-headed ogre
 13269 | D:11     | Killed a two-headed ogre
 13270 | D:11     | Reached skill level 14 in Fighting
 13650 | D:11     | Noticed Josephine
 13665 | D:11     | Killed Josephine
 13809 | D:11     | Noticed a two-headed ogre
 13809 | D:11     | Noticed a skeletal warrior
 13809 | D:11     | Noticed a skeletal warrior
 13809 | D:11     | Noticed a phantasmal warrior
 13856 | D:10     | Killed a phantasmal warrior
 14240 | D:10     | Upgraded the game from 0.30-a0-634-g8abc85282e to
                  | 0.31-a0-145-g046c7d2549
 14264 | D:10     | HP: 4/110 [skeletal warrior/+0 mace[a death knight] (5)]
 14265 | D:10     | Slain by a two-headed ogre

Illustrated notes

Levels and vault maps discovered:
D:1:      dpeg_arrival_arbitrary_b, layout_rooms, dreamdust_princess_corridor
D:2:      layout_basic, basic_ecumenical_altar, kennysheep_big_empty_room,
          minmay_puff
D:3:      layout_loops_cross, general_overflow_altar, hangedman_decor_lopped
D:4:      layout_basic, mainiacjoe_overflow_concentric_impassable
D:5:      layout_loops_ring, marbit_many_paths, kennysheep_mini,
          minmay_temple_entry_slanted
D:6:      layout_layer_cave, serial_shops, nicolae_shop_hallway_plus,
          minmay_misc_feat_pillars, uniq_menkaure
D:7:      layout_layer_cave, mainiacjoe_overflow_brackets,
          serial_bayou_lagoon_b, uniq_maggie
D:8:      layout_loops_cross, david_lair_generic, dreamdust_gnoll_shepherd
D:9:      layout_small_grid
D:10:     layout_irregular_city, orc_0_dummy, minmay_shop_enchanted_jewellery,
          minmay_misc_feat_cross, chequers_jeans, minmay_misc_feat_plants,
          nicolae_shop_firing_range
D:11:     minmay_the_grid_four_pointed_star
          [minmay_the_grid_triangle_9x9_fully_insulated_deathbox,
          minmay_the_grid_triangle_9x9_zippers_horizontal,
          minmay_the_grid_triangle_9x9_steps,
          minmay_the_grid_triangle_9x9_cache,
          minmay_the_grid_prize_diamond_cup], layout_basic, st_stairs_2,
          kennysheep_generic_room_8, uniq_maurice, uniq_josephine, uniq_erica
Temple:   nicolae_temple_bog_church

Skill      XL: |  1  2  3  4  5  6  7  8  9 10 11 |
---------------+----------------------------------+-----
Fighting       | 4 5 6 8 9 11 12 13 14 | 14.2
Axes           | 5 8 10 12 | 12.1
Armour         | 5 6 7 9 |  9.0
Dodging        | 2 4 6 7 |  7.4
Shields        | 5 6 7 9 |  9.1

Action                     |  1- 3 |  4- 6 |  7- 9 | 10-12 || total
---------------------------+-------+-------+-------+-------++-------
  Melee: War axe           |    76 |   144 |   262 |   297 ||   779
         Headbutt          |     9 |    21 |    56 |    69 ||   155
 Invoke: Wall of Briars    |       |       |     1 |       ||     1
    Use: Scroll            |       |       |       |     5 ||     5
         Potion            |       |       |       |     2 ||     2
 Armour: Scale mail        |    29 |    22 |       |       ||    51
         Plate armour      |       |    80 |   180 |   137 ||   397
  Dodge: Dodged            |    36 |    61 |    80 |   125 ||   302
  Block: Buckler           |    16 |    36 |    69 |    91 ||   212

Table legend: (Time is in decaauts)
 A = Elapsed time spent in this place.
 B = Non-inter-level travel time spent in this place.
 C = Inter-level travel time spent in this place.
 D = Time resting spent in this place.
 E = Time spent auto-exploring this place.
 F = Levels seen in this place.
 G = Mean time per level.
                   A        B        C        D        E       F      G
               +--------+--------+--------+--------+--------+-----+--------+
         Total |  14466 |  14011 |    455 |   5259 |   6932 |  12 | 1205.5 |
       Dungeon |  14322 |  13913 |    409 |   5259 |   6846 |  11 | 1302.0 |
        Temple |    143 |     98 |     45 |      0 |     86 |   1 |  143.0 |
               +--------+--------+--------+--------+--------+-----+--------+

Top non-repeatable levels by time:
     D:7: 2151 daAuts
     D:6: 2066 daAuts
    D:10: 1680 daAuts
     D:4: 1470 daAuts
     D:8: 1388 daAuts
     D:9: 1179 daAuts
     D:3: 1010 daAuts
    D:11: 982 daAuts
     D:2: 938 daAuts
     D:5: 876 daAuts
     D:1: 577 daAuts
  Temple: 143 daAuts
